 Dungeon Sprint DCSS version 0.19.0-24-gb05acd6 (webtiles) character file.

990 Groucho the Unseen (level 7, -7/33 HPs)
             Began as a Spriggan Assassin on Nov 20, 2016.
             Was an Initiate of Gozag.
             Killed from afar by a burning bush (18 damage)
             ... with a puff of flame
             ... in the Dungeon (Sprint IV: "Fedhas' Mad Dash").
             The game lasted 00:03:08 (941 turns).

Groucho the Unseen (Spriggan Assassin)               Turns: 941, Time: 00:03:09

Health: -7/33      AC:  3    Str:  7    XL:     7   Next: 98%
Magic:  18/18      EV: 17    Int: 14    God:    Gozag
Gold:   620        SH:  0    Dex: 18    Spells: 0 memorised, 6 levels left

rFire  . . .     SeeInvis +     a - +2 dagger
rCold  . . .     Gourm    .     c - +0 robe
rNeg   . . .     Faith    .     (shield restricted)
rPois  .         Spirit   .     (helmet restricted)
rElec  .         Reflect  .     d - +0 cloak
rCorr  .         Harm     .     (gloves unavailable)
MR     +....     NoTele   +     (boots unavailable)
Stlth  ++++++++..               o - amulet of invisibility {+Inv}
                                (no ring)
                                (no ring)

@: very slightly contaminated, hasted, very quick
A: unfitting armour, see invisible, herbivore 3, speed 3, slow metabolism 2
a: Potion Petition, Call Merchant, Bribe Branch, Renounce Religion, Evoke
Invisibility


You were in the Dungeon.
You worshipped Gozag.
Gozag was pleased with you.
You were not hungry.

You visited 1 branch You collected 620 gold pieces.

Inventory:

Hand Weapons
 a - a +2 dagger (weapon)
 b - a +0 blowgun
Missiles
 e - 8 poisoned needles
 f - 2 curare-tipped needles
Armour
 c - a +0 robe (worn)
 d - a +0 cloak (worn)
Jewellery
 n - an uncursed amulet of harm {unknown}
 o - the amulet of invisibility (around neck) {+Inv}
   (You found it in the Dungeon)

   [amulet of nothing]

   It lets you turn invisible.
Scrolls
 l - a scroll of immolation {unknown}
 m - a scroll of blinking
Potions
 i - a potion of heal wounds
 k - 2 potions of magic
 p - a potion of degeneration {unknown}
Comestibles
 g - a bread ration
 q - 3 royal jellies


   Skills:
 + Level 1.5 Fighting
 + Level 2.1 Short Blades
 * Level 2.0 Throwing
 * Level 1.5 Dodging
 * Level 19.8 Stealth
 * Level 0.0 Spellcasting
 - Level 13.3 Evocations


You had 6 spell levels left.
You didn't know any spells.

Dungeon Overview and Level Annotations

Branches:
Dungeon (1/1)

Altars:
Cheibriados
Dithmenos
Elyvilon
Gozag
Hepliaklqana
Kikubaaqudgha
Makhleb
Nemelex Xobeh
Okawaru
Qazlal
Ru
Sif Muna
Trog
Uskayaw
Vehumet
Xom
Yredelemnul
Zin
The Shining One
Beogh
Jiyva
Lugonu


Innate Abilities, Weirdness & Mutations

You are very small and have problems with some larger weapons.
You are too small for most types of armour.
You have supernaturally acute eyesight. (SInv)
You are a herbivore.
You cover ground extremely quickly.
You need consume almost no food.


Message History

The puff of flame hits you!
Unknown command.
Unknown command.
You hit the burning bush but do no damage.
The burning bush is moderately damaged.
The burning bush throws fire at you. The puff of flame misses you.
You hit the burning bush.
The burning bush is heavily damaged.
You hit the burning bush but do no damage.
The burning bush is heavily damaged.
You hit the burning bush but do no damage.
The burning bush is heavily damaged.
You hit the burning bush but do no damage.
The burning bush is heavily damaged.
The burning bush throws fire at you. The puff of flame hits you!
Ouch! That really hurt!
You die...
Your body crumbles into a pile of gold.

#PP..'.....'.#...'.._.
#PPPP#.....#.#...#..._
###############'##.._.
#...♣........'...#.⌠._
#......♣.....#...#####
#.....♣..♣..######
##'####'#####
#(.#$$$$+ #.[#P@### $
#######


You could see a burning bush.

Vanquished Creatures
  An oklob plant (D)
  A queen bee (D)
  4 oklob saplings (D)
  4 killer bees (D)
  A worker ant (D)
  A river rat (D)
  A rat (D)
13 creatures vanquished.

Notes
Turn   | Place    | Note
-------+----------+-------------------------------------------
     0 | D        | Groucho the Spriggan Assassin began the quest for the Orb.
     0 | D        | Reached XP level 1. HP: 10/10 MP: 2/2
    17 | D        | Reached skill level 8 in Stealth
    17 | D        | Reached XP level 2. HP: 14/14 MP: 3/3
    29 | D        | Reached skill level 9 in Stealth
    39 | D        | Noticed an oklob sapling
    47 | D        | Reached skill level 11 in Stealth
    47 | D        | Reached XP level 3. HP: 18/18 MP: 4/4
   303 | D        | Found an opulent altar of Gozag.
   303 | D        | Found a hazy altar of Hepliaklqana.
   303 | D        | Found a roughly hewn altar of Beogh.
   303 | D        | Found a snail-covered altar of Cheibriados.
   304 | D        | Found a viscous altar of Jiyva.
   304 | D        | Found a burning altar of Makhleb.
   304 | D        | Found a sparkling altar of Nemelex Xobeh.
   304 | D        | Found a sacrificial altar of Ru.
   304 | D        | Found a deep blue altar of Sif Muna.
   304 | D        | Found a bloodstained altar of Trog.
   304 | D        | Found a shimmering altar of Xom.
   304 | D        | Found a basalt altar of Yredelemnul.
   304 | D        | Noticed an oklob sapling priest
   305 | D        | Found an iron altar of Okawaru.
   305 | D        | Found a shadowy altar of Dithmenos.
   305 | D        | Found a glowing silver altar of Zin.
   306 | D        | Found an ancient bone altar of Kikubaaqudgha.
   306 | D        | Found a hide-covered altar of Uskayaw.
   307 | D        | Found a stormy altar of Qazlal.
   307 | D        | Found a white marble altar of Elyvilon.
   307 | D        | Found a glowing golden altar of the Shining One.
   308 | D        | Became a worshipper of Gozag Ym Sagoz the Greedy
   309 | D        | Found a corrupted altar of Lugonu.
   309 | D        | Found a radiant altar of Vehumet.
   312 | D        | Killed an oklob sapling priest
   312 | D        | Reached XP level 4. HP: 22/22 MP: 2/10
   407 | D        | Reached skill level 10 in Evocations
   407 | D        | Reached XP level 5. HP: 25/25 MP: 9/13
   433 | D        | Noticed a queen bee
   639 | D        | Killed a queen bee
   639 | D        | Reached skill level 15 in Stealth
   639 | D        | Reached XP level 6. HP: 30/30 MP: 13/16
   641 | D        | Reached skill level 16 in Stealth
   643 | D        | Reached XP level 7. HP: 33/33 MP: 14/17
   655 | D        | Noticed an oklob plant
   658 | D        | Killed an oklob plant
   658 | D        | Reached skill level 19 in Stealth
   904 | D        | Noticed a burning bush
   941 | D        | Killed from afar by a burning bush

Skill      XL: |  1  2  3  4  5  6  7 |
---------------+----------------------+-----
Stealth        | 8 11 15 16 19 | 19.8
Evocations     | 7 10 12 13 | 13.3
Fighting       | |  1.5
Short Blades   | |  2.1
Throwing       | |  2.0
Dodging        | |  1.5

Action                   |  1- 3 |  4- 6 |  7- 9 || total
-------------------------+-------+-------+-------++-------
Melee: Dagger            |    10 |     8 |    36 ||    54
 Fire: Blowgun           |     1 |       |       ||     1
 Abil: Evoke Invisibilit |     1 |     2 |       ||     3
  Use: Potion            |     1 |       |     2 ||     3
 Stab: Sleeping          |     1 |     6 |     1 ||     8
       Invisible         |       |     1 |     1 ||     2
Armor: Robe              |     1 |       |       ||     1
Dodge: Dodged            |     5 |       |     4 ||     9
